[Event "NJSK 2018 Jeugd C"]
[Site "Assen, Netherlands"]
[Date "2018.05.05"]
[Round "9.8"]
[White "Cchung, Nyuk Lyn"]
[Black "Maters, Arthur"]
[Result "1/2-1/2"]
[TimeControl "40/90m+30sec/move"]
[WhiteElo "1796"]
[BlackElo "1895"]

1. e4 c5 2. Nf3 d6 3. d4 cxd4 4. Nxd4 Nf6 5. Nc3 a6 6. Bg5 e6 7. f4 h6 8. Bh4 Qb6 9. a3 Be7 10.
Bf2 Qc7 11. Qf3 Nbd7 12. O-O-O b5 13. g4 Bb7 14. g5 hxg5 15. fxg5 Ne5 16. Qf4 Nfd7 17. h4 Rc8 18. h5 g6 19.
hxg6 Nxg6 20. Rxh8+ Nxh8 21. Qh4 Ng6 22. Qh5 Qa5 23. Nb3 Qc7 24. Be3 Bxe4 25. Bd3 Bxd3 26. Rxd3 Nde5 27. Rd1 Nc4 28.
Bd4 d5 29. Re1 Qf4+ 30. Kb1 Nd2+ 31.
Nxd2 Qxd4 32. Nf3 Qh8 33. Qg4 Rc4 34. Qg3 Kd7 35. Qf2 Bc5 36. Qf1 Bxa3 37. Nd2 Rf4 38. Qg1 Qd4 39. Qxd4 Rxd4 40. Nb3 Rc4 41. Na5 Rc7 42.
Nxd5 exd5 43. bxa3 Rc3 44. Nb3 Rg3 45. Nc5+ Kd6 46. Nxa6 Rxa3 47. Nb4 Rg3 48. Rf1 Ne5 49. Rd1 1/2-1/2

[Event "NJSK 2018 Jeugd C"]
[Site "Assen, Netherlands"]
[Date "2018.05.05"]
[Round "9.9"]
[White "Bartels, Vladimir"]
[Black "Torensma, Christian"]
[Result "1-0"]
[TimeControl "40/90m+30sec/move"]
[WhiteElo "1757"]
[BlackElo "1455"]

1. e4 e6 2. d4 d5 3. Nd2 Nf6 4. e5 Nfd7 5. Bd3 c5 6. c3 Nc6 7. Ne2 cxd4 8. cxd4 f6 9. Nf4 Qe7 10.
Qh5+ Qf7 11. Qxf7+ Kxf7 12. exf6 Nxf6 13. Nf3 Bb4+ 14. Bd2 Bxd2+ 15. Kxd2 Re8 16. Rhe1 Kg8 17. Rac1 a6 18. h3 Re7 19. Re2 Bd7 20. a4 Rae8 21. Rce1 g5 22. Nxg5 Nxd4 23.
Re3 e5 24. Ne2 Nxe2 25. R1xe2 h6 26. Bg6 hxg5 27. Bxe8 Bxe8 28. Rxe5 Ne4+ 29. R2xe4 dxe4 30. Rxe7 1-0

[Event "NJSK 2018 Jeugd C"]
[Site "Assen, Netherlands"]
[Date "2018.05.05"]
[Round "9.10"]
[White "Catalan, Ciro"]
[Black "Yeh, Timo"]
[Result "1/2-1/2"]
[TimeControl "40/90m+30sec/move"]
[WhiteElo "1503"]
[BlackElo "1729"]

1. d4 d5 2. c4 e6 3. Nf3 Nf6 4. g3 dxc4 5. Bg2 Nc6 6. O-O Be7 7. e3 O-O 8. Nbd2 Na5 9. Ne5 c5 10.
dxc5 Bxc5 11. Ndxc4 Nxc4 12. Nxc4 Qc7 13. b3 Rd8 14. Qe2 Qe7 15. Bb2 Bd7 16. Bxb7 Rab8 17. Na5 Bb4 18. Nc6 Bxc6 19.
Bxc6 Rd2 20. Bxf6 Qxf6 21. Qf3 Bc3 22.
Qxf6 Bxf6 23. Rfd1 Rbd8 24. Rxd2 Rxd2 25. Rc1 Rxa2 26. Ba4 1/2-1/2

[Event "NJSK 2018 Jeugd C"]
[Site "Assen, Netherlands"]
[Date "2018.05.05"]
[Round "9.11"]
[White "Van der Hagen, Loek"]
[Black "Franke, Daniel"]
[Result "1-0"]
[TimeControl "40/90m+30sec/move"]
[WhiteElo "1815"]
[BlackElo "1298"]

1. e4 c5 2. Nf3 Nc6 3. d4 cxd4 4. Nxd4 e5 5. Nb5 Bc5 6. Nd6+ Bxd6 7. Qxd6 Qf6 8. Qxf6 Nxf6 9. Nc3 d6 10.
f3 Be6 11. Be3 O-O 12. O-O-O Rfd8 13. Bb5 a6 14. Be2 Rac8 15. Bb6 Rd7 16. a3 d5 17. exd5 Nxd5 18. Nxd5 Bxd5 19. Bc4 Ne7 20.
Bxd5 Rxd5 21. Rxd5 Nxd5 22. Bf2 Nf4 23. Bg3 Ne2+ 24. Kd2 Nxg3 25. hxg3 h6 26. Rh4 Rc6 27. Rb4 Rg6 28. Ke2 b5 29.
a4 bxa4 30. Rb8+ Kh7 31. c4 Rxg3 32. c5 Rxg2+ 33. Kd3 Rg1 34. Kd2 e4 35. f4 e3+ 36. Kxe3 Rc1 37. Kd4 h5 38. Kd5 h4 39.
Re8 f6 40. c6 Rd1+ 41. Kc5 Rc1+ 42. Kd6 Rd1+ 43. Kc5 h3 44. Re3 Rh1 45. c7 Rc1+ 46. Kb6 Rc2 47. Rxh3 Kg6 48. Rc3 Rxb2+ 49. Kxa6 a3 50. c8=Q a2 51. Qg4 Kf7 52. Rc7+ 1-0

[Event "NJSK 2018 Jeugd C"]
[Site "Assen, Netherlands"]
[Date "2018.05.05"]
[Round "9.12"]
[White "Van Foreest, Nanne"]
[Black "Tiggelman, Vincent"]
[Result "1-0"]
[TimeControl "40/90m+30sec/move"]
[WhiteElo "1482"]
[BlackElo "1394"]

1. e4 c6 2. d4 d5 3. exd5 cxd5 4. c4 Nf6 5. Nc3 Nc6 6. Nf3 Bg4 7. cxd5 Nxd5 8. Qb3 Bxf3 9. gxf3 e6 10.
Qxb7 Nxd4 11. Bb5+ Nxb5 12. Nxb5 Bb4+ 13. Kf1 Rb8 14. Qc6+ Qd7 15. Qxd7+ Kxd7 16. Nd4 Rhc8 17. Ke2 Bd6 18. Kd3 Nb4+ 19. Ke2 Nc2 20.
Nxc2 Rxc2+ 21. Kd3 Rxf2 22. Rg1 g6 23. Be3 Rxh2 24. b3 h5 25. Bxa7 Ra8 26. Bd4 Raxa2 27. Rxa2 Rxa2 28. Rb1 h4 29.
Rh1 Bg3 30. Bf6 Rb2 31. Bxb2 Ke7 32. Ke3 f5 33. f4 e5 34. Bxe5 1-0